Selects Mechanized Battlegroup
Construct Infanterie Kompanie
Construct Luftwaffe Kompanie
Luftwaffe Officer Quarters
Marder III M Tank Destroyer
Selects StuG Assault Group
Selects UNKNOWN (2160084)
Construct Panzer Kompanie
Selects UNKNOWN (2160084)
Selects Mobile Repair Stations
Selects UNKNOWN (2160084)
Selects Wespe Self-propelled Artillery
Selects Zeroing Artillery Barrage
Selects Zeroing Artillery Barrage
Zeroing Artillery Barrage